 Dungeon Sprint DCSS version 0.27-a0-972-gd1521fd518 (webtiles) character file.

Game seed: 17746435598582109649

2374 mhtbhm the Earth Mage (level 9, -2/53 HPs)
             Began as a Gargoyle Earth Elementalist on Apr 13, 2021.
             Was the Champion of Vehumet.
             Slain by an ogre mage
             ... wielding a +0 spear
              (4 damage)
             ... in the Dungeon (Sprint VII: "The Pits").
             The game lasted 00:03:31 (963 turns).

mhtbhm the Earth Mage (Gargoyle Earth Elementalist)  Turns: 963, Time: 00:03:31

Health: -2/53      AC:  9    Str: 18    XL:     9   Next: 45%
Magic:  13/22      EV: 13    Int: 19    God:    Vehumet [******]
Gold:   0          SH:  0    Dex: 10    Spells: 12/27 levels left

rFire    . . .     SeeInvis .   a - +4 quarterstaff (speed)
rCold    . . .     Faith    .   (shield currently unavailable)
rNeg     + . .     Spirit   .   c - +0 robe
rPois    ∞         Reflect  .   (no helmet)
rElec    +         Harm     .   (no cloak)
rCorr    .         Rampage  .   (no gloves)
Will     .....     NoTele   +   r - +0 pair of boots
Stlth    ++........             (no amulet)
HPRegen  0.17/turn              n - +3 ring of strength
MPRegen  0.18/turn              o - +3 ring of strength

@: very slightly contaminated, invisible
A: AC +6, negative energy resistance 1, electricity resistance, torment
resistance 1, unbreathing 1, petrification resistance
a: Renounce Religion


You were in the Dungeon.
You worshipped Vehumet.
Vehumet was exalted by your worship.
You visited 1 branch

Inventory:

Hand Weapons
 a - a +4 quarterstaff of speed (weapon)
Missiles
 b - 33 stones
Armour
 c - a +0 robe (worn)
 r - a +0 pair of boots (worn)
Jewellery
 n - a +3 ring of strength (left hand)
 o - a +3 ring of strength (right hand)
Scrolls
 i - a scroll of blinking
 j - 5 scrolls of amnesia
 k - a scroll of summoning
 m - 2 scrolls of vulnerability
Potions
 d - 9 potions of curing
 e - 2 potions of heal wounds
 f - 2 potions of haste
 g - 4 potions of magic
 h - 4 potions of berserk rage
 l - a potion of invisibility
 p - 2 potions of brilliance
 q - a potion of might


   Skills:
 + Level 4.8 Fighting
 + Level 10.2 Staves
 + Level 6.0 Dodging
 - Level 2.4 Stealth
 + Level 9.6 Spellcasting
 + Level 1.7 Transmutations
 + Level 15.1 Earth Magic


You had 12 spell levels left.
You knew the following spells:

 Your Spells              Type           Power      Damage    Failure   Level
a - Sandblast             Erth           100%       2d20      0%          1
b - Passwall              Tmut/Erth      34%        N/A       1%          2
c - Stone Arrow           Conj/Erth      74%        3d11      1%          3
d - Lee's Rapid Deconstr  Erth           30%        3d17*     1%          5
e - Petrify               Tmut/Erth      41%        N/A       2%          4

Your spell library contained the following spells:

 Spells                   Type           Power      Damage    Failure   Level
 Fireball                 Conj/Fire      4%         3d4       45%         5


Dungeon Overview and Level Annotations

Branches:
Dungeon (1/1)

Altars:
Ashenzari
Cheibriados
Dithmenos
Elyvilon
Fedhas
Gozag
Hepliaklqana
Kikubaaqudgha
Makhleb
Nemelex Xobeh
Okawaru
Qazlal
Ru
Sif Muna
Trog
Uskayaw
Vehumet
Wu Jian
Xom
Yredelemnul
Zin
The Shining One
Beogh
Jiyva
Lugonu


Innate Abilities, Weirdness & Mutations

Your stone body is resilient. (AC +6)
You are immune to poison.
You resist negative energy. (rN+)
You are resistant to electric shocks. (rElec)
You are resistant to unholy torment.
You can survive without breathing.
You are immune to petrification.


Message History

Something hits you but does no damage.
Casting: Lee's Rapid Deconstruction (safe; 1% risk of failure)
Confirm with . or Enter, or press ? or * to list all spells.
Okay, then.
You feel much better.
The two-headed ogre hits you with a +0 giant spiked club!!
The two-headed ogre closely misses you. The two-headed ogre misses you.
The two-headed ogre completely misses you.
Something hits you.
* * * LOW HITPOINT WARNING * * *
Unknown command.
You feel much better. The two-headed ogre misses you.
The two-headed ogre hits you with a +0 giant spiked club!!
The two-headed ogre barely misses you. The two-headed ogre closely misses you.
The two-headed ogre hits you with a +0 giant club!
* * * LOW HITPOINT WARNING * * *
The two-headed ogre closely misses you. The two-headed ogre misses you. x2
Something hits you!
* * * LOW HITPOINT WARNING * * *
Casting: Lee's Rapid Deconstruction (safe; 1% risk of failure)
Confirm with . or Enter, or press ? or * to list all spells.
Aiming: Lee's Rapid Deconstruction (safe; 1% risk of failure)
Press: ? - help, Dir - move target A metal wall.
The metal wall shatters!
The blast of metal fragments hits the two-headed ogre!!!
You kill the two-headed ogre!
Vehumet accepts your kill.
You feel your power returning.
The blast of metal fragments hits the two-headed ogre!!!
You kill the two-headed ogre!
Vehumet accepts your kill.
You feel your power returning.
The blast of metal fragments hits the ogre!!!
You kill the ogre!
Vehumet accepts your kill.
You feel your power returning.
The ogre shouts!
Something hits you.
You die...

___.#
_...###########++######
###'##................#
))'.##......#..#......#
###.##................+
.....'................+
'#####......#..#......#
.#[[##................#
.#))#####'#####)@######
##))##.......##OO#
.#))##.......##).{
.#..##.......##..m.
.#'###...<...##.....
....##.......##...###
....##.......##..##
######.......##++#
##†.##########


You could see 2 two-headed ogres and a merfolk siren.

Vanquished Creatures
  3 two-headed ogres (D)
  A deep elf pyromancer (D)
  A gargoyle (D)
  A tarantella (D)
  2 fire bats (D)
  A warg (D)
  2 floating eyes (D)
  A sky beast (D)
  2 ogres (D)
  A scorpion (D)
  A jelly (D)
  A river rat (D)
  An ufetubus (D)
  A worm (D)
  5 orcs (D)
  2 goblins (D)
  4 jackals (D)
  A kobold (D)
  A ball python (D)
  A bat (D)
  2 giant cockroaches (D)
  A rat (D)
36 creatures vanquished.

Notes
Turn   | Place    | Note
-------+----------+-------------------------------------------
     0 | D        | mhtbhm the Gargoyle Earth Elementalist began the quest for
                  | the Orb.
     0 | D        | Reached XP level 1. HP: 10/10 MP: 3/3
    10 | D        | Reached skill level 4 in Earth Magic
    15 | D        | Found a bloodstained altar of Trog.
    15 | D        | Found a shimmering blue altar of Sif Muna.
    15 | D        | Found a viscous altar of Jiyva.
    15 | D        | Found a hazy altar of Hepliaklqana.
    15 | D        | Found an opulent altar of Gozag.
    16 | D        | Found a glowing golden altar of the Shining One.
    16 | D        | Found a glowing silver altar of Zin.
    16 | D        | Found a basalt altar of Yredelemnul.
    16 | D        | Found a shimmering altar of Xom.
    16 | D        | Found an ornate altar of the Wu Jian Council.
    16 | D        | Found a sacrificial altar of Ru.
    16 | D        | Found a stormy altar of Qazlal.
    16 | D        | Found an iron altar of Okawaru.
    16 | D        | Found a sparkling altar of Nemelex Xobeh.
    16 | D        | Found a burning altar of Makhleb.
    16 | D        | Found a blossoming altar of Fedhas.
    16 | D        | Found a white marble altar of Elyvilon.
    16 | D        | Found a shadowy altar of Dithmenos.
    16 | D        | Found a snail-covered altar of Cheibriados.
    18 | D        | Found a radiant altar of Vehumet.
    18 | D        | Found a corrupted altar of Lugonu.
    19 | D        | Found a hide-covered altar of Uskayaw.
    19 | D        | Found an ancient bone altar of Kikubaaqudgha.
    19 | D        | Found a broken altar of Ashenzari.
    26 | D        | Became a worshipper of Vehumet
    84 | D        | Reached XP level 2. HP: 15/15 MP: 3/5
   106 | D        | Learned a level 2 spell: Passwall
   111 | D        | Noticed a floating eye
   114 | D        | Reached * piety under Vehumet
   114 | D        | Offered knowledge of Foxfire by Vehumet.
   114 | D        | Paralysed by a floating eye for 2 turns
   115 | D        | Reached skill level 5 in Earth Magic
   118 | D        | Killed a floating eye
   119 | D        | Reached skill level 1 in Staves
   119 | D        | Reached skill level 1 in Transmutations
   119 | D        | Reached skill level 8 in Earth Magic
   119 | D        | Reached XP level 3. HP: 14/19 MP: 5/8
   119 | D        | Reached XP level 4. HP: 18/24 MP: 6/10
   128 | D        | Learned a level 3 spell: Stone Arrow
   215 | D        | Reached ** piety under Vehumet
   225 | D        | Reached skill level 9 in Earth Magic
   235 | D        | Reached XP level 5. HP: 25/28 MP: 11/11
   245 | D        | Learned a level 5 spell: Lee's Rapid Deconstruction
   257 | D        | Reached *** piety under Vehumet
   257 | D        | Offered knowledge of Shock by Vehumet.
   272 | D        | Noticed a floating eye
   277 | D        | Paralysed by a floating eye for 3 turns
   281 | D        | Killed a floating eye
   282 | D        | Reached skill level 1 in Fighting
   282 | D        | Reached skill level 5 in Spellcasting
   282 | D        | Reached skill level 10 in Earth Magic
   343 | D        | Noticed a fire bat
   365 | D        | Offered knowledge of Ignite Poison by Vehumet.
   365 | D        | Reached **** piety under Vehumet
   366 | D        | Reached XP level 6. HP: 33/35 MP: 13/13
   372 | D        | Killed a fire bat
   373 | D        | Reached skill level 5 in Staves
   452 | D        | Reached ***** piety under Vehumet
   453 | D        | Noticed a sky beast
   497 | D        | Killed a sky beast
   498 | D        | Reached skill level 5 in Dodging
   498 | D        | Reached skill level 11 in Earth Magic
   498 | D        | Reached XP level 7. HP: 39/41 MP: 5/16
   592 | D        | Learned a level 4 spell: Petrify
   595 | D        | Offered knowledge of Airstrike by Vehumet.
   698 | D        | Noticed a deep elf pyromancer
   700 | D        | Noticed a fire elemental
   700 | D        | Noticed a fire elemental
   700 | D        | Killed a deep elf pyromancer
   701 | D        | Reached skill level 12 in Earth Magic
   701 | D        | Reached XP level 8. HP: 48/48 MP: 10/18
   752 | D        | Offered knowledge of Lightning Bolt by Vehumet.
   759 | D        | Noticed a tarantella
   759 | D        | Noticed a gargoyle
   761 | D        | Killed a gargoyle
   762 | D        | Reached skill level 13 in Earth Magic
   765 | D        | Killed a tarantella
   766 | D        | Reached skill level 10 in Staves
   766 | D        | Reached skill level 14 in Earth Magic
   766 | D        | Reached XP level 9. HP: 38/52 MP: 7/21
   953 | D        | Noticed an ogre mage
   953 | D        | Noticed a two-headed ogre
   953 | D        | Noticed a two-headed ogre
   953 | D        | Noticed a two-headed ogre
   953 | D        | Noticed a two-headed ogre
   953 | D        | Noticed a merfolk siren
   955 | D        | Noticed a two-headed ogre
   959 | D        | Killed a two-headed ogre
   959 | D        | Offered knowledge of Fireball by Vehumet.
   960 | D        | Reached skill level 15 in Earth Magic
   962 | D        | HP: 1/53 [something (10)]
   963 | D        | Killed a two-headed ogre
   963 | D        | Killed a two-headed ogre
   963 | D        | Reached ****** piety under Vehumet
   963 | D        | Slain by an ogre mage

Illustrated notes

Levels and vault maps discovered:
D:        pitsprint [storerooms_1, entrance_room_1, metal_vault_4, armoury_2,
          mini_pit_1, grid_room_1, main_hall_1, silver_pit, the_coven_3,
          the_vestibule_1, steel_vault_4, golden_pit, hallway_of_sentries,
          crystal_vault_6, iron_vault_2, final_vault]

Skill      XL: |  1  2  3  4  5  6  7  8  9 |
---------------+----------------------------+-----
Earth Magic    | 4 8 9 10 11 12 14 15 | 15.1
Dodging        | 2 3 4 5 6 |  6.0
Staves         | 1 4 6 8 10 | 10.2
Spellcasting   | 4 5 6 7 8 9 |  9.6
Transmutations | 1 |  1.7
Fighting       | 1 3 4 |  4.8
Stealth        | |  2.4

Action                   |  1- 3 |  4- 6 |  7- 9 || total
-------------------------+-------+-------+-------++-------
Melee: Quarterstaff      |     5 |    43 |       ||    48
 Cast: Sandblast         |     4 |     6 |     1 ||    11
       Lee's Rapid Decon |       |     2 |    10 ||    12
  Use: Potion            |       |       |     5 ||     5
 Stab: Distracted        |       |     1 |       ||     1
Armor: Robe              |     4 |    19 |     3 ||    26
Dodge: Dodged            |     5 |    30 |    24 ||    59

Table legend: (Time is in decaauts)
 A = Elapsed time spent in this place.
 B = Non-inter-level travel time spent in this place.
 C = Inter-level travel time spent in this place.
 D = Time resting spent in this place.
 E = Time spent auto-exploring this place.
 F = Levels seen in this place.
 G = Mean time per level.
                   A        B        C        D        E       F      G
               +--------+--------+--------+--------+--------+-----+--------+
         Total |    969 |    969 |      0 |    510 |      0 |   1 |  969.0 |
       Dungeon |    969 |    969 |      0 |    510 |      0 |   1 |  969.0 |
               +--------+--------+--------+--------+--------+-----+--------+

Top non-repeatable levels by time:
       D: 969 daAuts
